 Dungeon Crawl Stone Soup version 0.27-a0-585-g945025970d (webtiles) character file.

Game seed: 9447635446522499107

149 Azunone the Protected (level 5, 0/43 HPs)
             Began as a Gnoll Wanderer on Mar 10, 2021.
             Was a Follower of Dithmenos.
             Slain by an ogre
             ... wielding a +0 giant club
              (10 damage)
             ... on level 4 of the Dungeon.
             The game lasted 00:05:12 (3297 turns).

Azunone the Protected (Gnoll Wanderer)              Turns: 3297, Time: 00:05:13

Health: 0/43       AC:  8    Str: 11    XL:     5   Next: 31%
Magic:  7/7        EV: 10    Int: 10    God:    Dithmenos [*.....]
Gold:   163        SH:  0    Dex: 14    Spells: 6/6 levels left

rFire    . . .     SeeInvis .   h - +2 dagger (venom)
rCold    . . .     Faith    .   (no shield)
rNeg     . . .     Spirit   .   c - +0 ring mail
rPois    .         Reflect  .   (no helmet)
rElec    .         Harm     .   (no cloak)
rCorr    .         Rampage  .   (no gloves)
Will     .....                  n - +0 pair of boots
Stlth    +.........             (no amulet)
HPRegen  0.14/turn              (no ring)
MPRegen  0.10/turn              (no ring)

@: wreathed by umbra
A: fangs 1, strong nose, distributed training
a: Renounce Religion


You were on level 4 of the Dungeon.
You worshipped Dithmenos.
Dithmenos was aware of your devotion.
You visited 1 branch of the dungeon, and saw 4 of its levels.

You collected 163 gold pieces.

Inventory:

Hand Weapons
 a - a +2 short sword
 h - a +2 dagger of venom (weapon)
 k - a +2 mace of protection
 s - a +0 vorpal hand axe
Armour
 c - a +0 ring mail (worn)
 n - a +0 pair of boots (worn)
Jewellery
 p - an amulet of guardian spirit
Wands
 q - a wand of flame (16)
Scrolls
 d - 2 scrolls of fog {unknown}
 f - 3 scrolls of identify {unknown}
 g - a scroll of magic mapping {unknown}
 j - a scroll of noise {unknown}
 l - 2 scrolls of fear {unknown}
 m - 2 scrolls of amnesia {unknown}
 o - a scroll of enchant armour {unknown}
Potions
 b - 2 potions of lignification
 e - a potion of flight {unknown}
 i - a potion of attraction {unknown}
 r - a potion of heal wounds {unknown}
 t - 2 potions of degeneration {unknown}


   Skills:
 + Level 4.7 Fighting
 + Level 4.7 Short Blades
 + Level 1.4 Long Blades
 + Level 1.4 Axes
 + Level 1.4 Maces & Flails
 + Level 1.4 Polearms
 + Level 1.4 Staves
 + Level 1.4 Slings
 + Level 1.4 Bows
 + Level 1.4 Crossbows
 + Level 2.9 Throwing
 + Level 8.6 Armour
 + Level 1.4 Dodging
 + Level 1.4 Stealth
 + Level 2.9 Shields
 + Level 1.4 Unarmed Combat
 + Level 1.4 Spellcasting
 + Level 1.1 Conjurations
 + Level 1.1 Hexes
 + Level 1.1 Summonings
 + Level 1.1 Necromancy
 + Level 1.1 Translocations
 + Level 1.1 Transmutations
 + Level 1.1 Fire Magic
 + Level 1.1 Ice Magic
 + Level 1.1 Air Magic
 + Level 1.1 Earth Magic
 + Level 1.1 Poison Magic
 + Level 1.6 Invocations
 + Level 1.4 Evocations


You had 6 spell levels left.
You didn't know any spells.
Your spell library was empty.

Dungeon Overview and Level Annotations

Branches:
Dungeon (4/15)             Temple (0/1) D:4

Altars:
Dithmenos
Makhleb
Nemelex Xobeh
Sif Muna


Innate Abilities, Weirdness & Mutations

You have very sharp teeth.
Your uncanny sense of smell can sniff out nearby items.
Your experience applies equally to all skills.


Message History

Magic restored.
HP restored.
Found a quarterstaff.
Found a stone staircase leading down.
There is a stone staircase leading down here.
As you open the door, it creaks loudly!
A giant cockroach and an ogre come into view.
Found a staircase to the Ecumenical Temple.
The giant cockroach bites you but does no damage.
There is an open door here.
You hit the ogre.
The ogre is poisoned.
The ogre is lightly wounded.
The giant cockroach bites you but does no damage.
The ogre hits you with a +0 giant club!!
You hit the ogre but do no damage.
The ogre is lightly wounded.
The giant cockroach bites you.
You are too injured to fight recklessly!
You hit the giant cockroach.
The giant cockroach is poisoned.
You bite the giant cockroach, but do no damage.
The giant cockroach is severely wounded.
You kill the giant cockroach!
Dithmenos accepts your kill.
The ogre looks more healthy.
The ogre hits you with a +0 giant club!
You barely miss the ogre. You bite the ogre, but do no damage.
The ogre is moderately wounded.
The ogre hits you with a +0 giant club.
* * * LOW HITPOINT WARNING * * *
You completely miss the ogre. You bite the ogre, but do no damage.
The ogre is moderately wounded.
You hit the ogre.
The ogre is severely wounded.
The ogre barely misses you.
You hit the ogre.
The ogre is severely wounded.
You hit the ogre.
The ogre is poisoned.
The ogre is severely wounded.
The ogre hits you with a +0 giant club!
You die...

#### ...# #####
##.##################...###
...............O@......... .#
##.#.###.###.########...###.#
##.#.# #.# #.# #..........#
#.#.# #.# #.# #...........
#.#.# #.# #.#####..........#
#.#.# #.# #........>...##
#.#.# #.#
######.###...###.#.# ..#.#
#.) #.# #.........# ..#
###.###.#####.###


You could see an ogre (very poisoned).

Vanquished Creatures
  A centaur skeleton (D:4)
  Jessica (D:3)
  4 adders
  3 dart slugs
  3 leopard geckos
  2 orcs (D:3)
  6 bats
  4 giant cockroaches
  6 goblins
  4 hobgoblins
  A ball python (D:1)
  7 frilled lizards
  4 kobolds
  9 rats
55 creatures vanquished.

Notes
Turn   | Place    | Note
-------+----------+-------------------------------------------
     0 | D:1      | Azunone the Gnoll Wanderer began the quest for the Orb.
     0 | D:1      | Azunone set off with the following items: a +2 short sword,
                  | a potion of lignification, a +0 ring mail
     0 | D:1      | Reached XP level 1. HP: 20/20 MP: 1/1
   242 | D:1      | Reached XP level 2. HP: 26/26 MP: 2/2
   949 | D:1      | Reached XP level 3. HP: 31/31 MP: 3/3
  1099 | D:2      | Found a sparkling altar of Nemelex Xobeh.
  1215 | D:2      | Found a shadowy altar of Dithmenos.
  1228 | D:2      | Became a worshipper of Dithmenos the Shadowed
  1251 | D:2      | Reached skill level 1 in Invocations
  1594 | D:2      | Reached skill level 1 in Long Blades
  1594 | D:2      | Reached skill level 1 in Axes
  1594 | D:2      | Reached skill level 1 in Maces & Flails
  1594 | D:2      | Reached skill level 1 in Polearms
  1594 | D:2      | Reached skill level 1 in Staves
  1594 | D:2      | Reached skill level 1 in Slings
  1594 | D:2      | Reached skill level 1 in Bows
  1594 | D:2      | Reached skill level 1 in Crossbows
  1594 | D:2      | Reached skill level 1 in Dodging
  1594 | D:2      | Reached skill level 1 in Stealth
  1594 | D:2      | Reached skill level 1 in Unarmed Combat
  1594 | D:2      | Reached skill level 1 in Spellcasting
  1594 | D:2      | Reached skill level 1 in Evocations
  1594 | D:2      | Reached XP level 4. HP: 36/38 MP: 5/5
  2049 | D:3      | Found a burning altar of Makhleb.
  2264 | D:3      | Noticed Jessica
  2291 | D:3      | Killed Jessica
  2292 | D:3      | Reached skill level 1 in Conjurations
  2292 | D:3      | Reached skill level 1 in Hexes
  2292 | D:3      | Reached skill level 1 in Summonings
  2292 | D:3      | Reached skill level 1 in Necromancy
  2292 | D:3      | Reached skill level 1 in Translocations
  2292 | D:3      | Reached skill level 1 in Transmutations
  2292 | D:3      | Reached skill level 1 in Fire Magic
  2292 | D:3      | Reached skill level 1 in Ice Magic
  2292 | D:3      | Reached skill level 1 in Air Magic
  2292 | D:3      | Reached skill level 1 in Earth Magic
  2292 | D:3      | Reached skill level 1 in Poison Magic
  2424 | D:3      | Found a shimmering blue altar of Sif Muna.
  2852 | D:3      | Reached XP level 5. HP: 43/43 MP: 6/6
  2865 | D:3      | Reached * piety under Dithmenos
  3268 | D:4      | Found a staircase to the Ecumenical Temple.
  3268 | D:4      | Noticed an ogre
  3297 | D:4      | Slain by an ogre

Illustrated notes

Levels and vault maps discovered:
D:1:      psy_arrival_radial01, layout_basic, minmay_domino_4
D:2:      layout_rooms, lemuel_round_altar, nicolae_dithmenos_shadow_blocks,
          serial_rivers, chequers_serial_rivers_small_3,
          chequers_serial_rivers_small_a, chequers_serial_rivers_micro_d,
          chequers_serial_rivers_micro_d
D:3:      layout_basic, lemuel_doored_altar, tgw_sif, minivault_4
D:4:      layout_loops_ring, general_overflow_altar, minmay_temple_entry_hall

Skill      XL: |  1  2  3  4 |
---------------+-------------+-----
Invocations    | 1 |  1.6
Long Blades    | 1 |  1.4
Axes           | 1 |  1.4
Maces & Flails | 1 |  1.4
Polearms       | 1 |  1.4
Staves         | 1 |  1.4
Slings         | 1 |  1.4
Bows           | 1 |  1.4
Crossbows      | 1 |  1.4
Dodging        | 1 |  1.4
Stealth        | 1 |  1.4
Unarmed Combat | 1 |  1.4
Spellcasting   | 1 |  1.4
Evocations     | 1 |  1.4
Conjurations   | 1 |  1.1
Hexes          | 1 |  1.1
Summonings     | 1 |  1.1
Necromancy     | 1 |  1.1
Translocations | 1 |  1.1
Transmutations | 1 |  1.1
Fire Magic     | 1 |  1.1
Ice Magic      | 1 |  1.1
Air Magic      | 1 |  1.1
Earth Magic    | 1 |  1.1
Poison Magic   | 1 |  1.1
Fighting       | |  4.7
Short Blades   | |  4.7
Throwing       | |  2.9
Armour         | |  8.6
Shields        | |  2.9

Action                   |  1- 3 |  4- 6 || total
-------------------------+-------+-------++-------
Melee: Short sword       |    22 |       ||    22
       Dagger            |    46 |    83 ||   129
       Bite              |     2 |    11 ||    13
       Punch             |     2 |     1 ||     3
Evoke: Wand              |       |     2 ||     2
Armor: Ring mail         |    30 |    19 ||    49
Dodge: Dodged            |    32 |    27 ||    59

Table legend: (Time is in decaauts)
 A = Elapsed time spent in this place.
 B = Non-inter-level travel time spent in this place.
 C = Inter-level travel time spent in this place.
 D = Time resting spent in this place.
 E = Time spent auto-exploring this place.
 F = Levels seen in this place.
 G = Mean time per level.
                   A        B        C        D        E       F      G
               +--------+--------+--------+--------+--------+-----+--------+
         Total |   3271 |   3187 |     84 |    308 |   2515 |   4 |  817.8 |
       Dungeon |   3271 |   3187 |     84 |    308 |   2515 |   4 |  817.8 |
               +--------+--------+--------+--------+--------+-----+--------+

Top non-repeatable levels by time:
     D:3: 1223 daAuts
     D:1: 1091 daAuts
     D:2: 805 daAuts
     D:4: 151 daAuts
